AoeStats
← 凉拌皮蛋

Arena

510502942Analyzed
4v4 RM · 5h ago on Oct 1, 2026· 18m 16s· 8 players
Game mode
Random Map
Map size
Large (8 player)
Population
200
Speed
Normal
Resources
Standard
Victory
Conquest
Starting age
Dark Age
Ending age
Imperial Age
RankedLock teamsTeams togetherTeam positionsShared explorationLock speedFull tech treeHidden civsTurbo modeCheats
Victory
Defeat
🇩🇿 Gurjaras · Algeria
1643
+14
🇮🇳 Britons · India
1428
+22
🇯🇵 Franks · Japan
1399
+24
🇯🇵 Mongols · Japan
1347
+26
🇻🇳 Teutons · Vietnam
1609
-23
🇨🇳 Mongols · China
1583
-22
🇹🇼 Hindustanis · Taiwan
1563
-21
🇹🇼 Persians · Taiwan
1542
-20
凉拌皮蛋
9:48 Feudal Age
11:23 Town Watch
11:43 Double-Bit Axe
14:34 Castle Age
12:33 Horse Collar
eddie8209
11:00 Feudal Age
14:44 Castle Age
12:34 Double-Bit Axe
13:10 Horse Collar
14:05 Bloodlines
13:59 Loom
14:15 Gold Mining
17:19 Scale Barding Armor
虞小梅
11:08 Feudal Age
12:38 Wheelbarrow
11:50 Double-Bit Axe
15:47 Castle Age
14:13 Horse Collar
16:29 Loom
tigerdownhill_
6:28 Loom
8:56 Feudal Age
10:11 Double-Bit Axe
10:52 Fletching
14:13 Horse Collar
Crippling Depression
10:50 Feudal Age
15:09 Castle Age
14:43 Fletching
hl.exe
9:12 Feudal Age
10:05 Loom
12:58 Castle Age
10:55 Double-Bit Axe
ふぁいやー
10:25 Feudal Age
14:20 Castle Age
13:38 Loom
13:55 Double-Bit Axe
13:59 Horse Collar
Odd's
10:27 Loom
12:12 Feudal Age
17:13 Castle Age
16:03 Double-Bit Axe
17:00 Gold Mining
Connection lost

Rejoining the realm…

Still unreachable

The connection could not be restored.

Session expired

The server has moved on; the page needs a fresh start.